 Dungeon Crawl Stone Soup version 0.23-a0-666-g28d4f2f0af (webtiles) character file.

793 Notair the Chopper (level 7, -3/61 HPs)
             Began as a Minotaur Gladiator on Jan 8, 2019.
             Killed from afar by an orc wizard (8 damage)
             ... with a magic dart
             ... on level 6 of the Dungeon.
             The game lasted 00:08:57 (5004 turns).

Notair the Chopper (Minotaur Gladiator)             Turns: 5004, Time: 00:08:58

Health: -3/61      AC:  9    Str: 18    XL:     7   Next: 57%
Magic:  6/6        EV:  9    Int:  7    God:
Gold:   270        SH:  0    Dex: 12    Spells: 6/6 levels left

rFire    . . .     SeeInvis .   a - +0 war axe
rCold    . . .     Gourm    .   (no shield)
rNeg     . . .     Faith    .   r - +0 chain mail
rPois    .         Spirit   .   c - +0 hat
rElec    .         Reflect  .   (no cloak)
rCorr    .         Harm     .   (no gloves)
MR       .....                  (no boots)
Stlth    ..........             (no amulet)
HPRegen  0.20/turn              (no ring)
MPRegen  0.10/turn              (no ring)

@: no status effects
A: retaliatory headbutt, horns 2
a: no special abilities


You were on level 6 of the Dungeon.
You were hungry.

You visited 1 branch of the dungeon, and saw 6 of its levels.

You collected 270 gold pieces.

Inventory:

Hand Weapons
 a - a +0 war axe (weapon)
 y - a +1 mace of protection
 H - a +0 hunting sling
Missiles
 d - 3 throwing nets (quivered)
 k - 63 sling bullets
 l - 156 stones
 q - 58 bolts
 B - 11 poisoned needles
Armour
 b - a +0 leather armour
 c - a +0 hat (worn)
 i - a +2 pair of boots
 n - a +0 scale mail
 r - a +0 chain mail (worn)
 C - a cursed +0 pair of gloves
Jewellery
 g - a cursed ring of attention {unknown}
 t - an uncursed ring of wizardry {unknown}
 D - an uncursed ring of fire {unknown}
 E - a cursed ring of teleportation {unknown}
Wands
 G - a wand of digging (1)
Scrolls
 j - a scroll of teleportation {unknown}
 p - a scroll of blinking {unknown}
 u - a scroll of enchant weapon {unknown}
 v - 3 scrolls of magic mapping {unknown}
 A - a scroll of remove curse {unknown}
 I - 3 scrolls of identify
 J - a scroll of immolation {unknown}
Potions
 e - a potion of haste
 h - a potion of magic
 m - 3 potions of heal wounds
 o - a potion of brilliance {unknown}
 s - a potion of curing {unknown}
 w - a potion of might {unknown}
 x - 3 potions of lignification {unknown}
 z - a potion of degeneration {unknown}
 F - 3 potions of cancellation {unknown}
 K - 2 potions of mutation {unknown}
Comestibles
 f - 14 rations


   Skills:
 + Level 5.0 Fighting
 * Level 7.4 Axes
 - Level 2.0 Throwing
 + Level 4.2 Armour
 + Level 5.2 Dodging


You had 6 spell levels left.
You didn't know any spells.
Your spell library was empty.

Dungeon Overview and Level Annotations

Branches:
Dungeon (6/15)
 Temple: D:4-7

Altars:
Ashenzari
Cheibriados
Dithmenos
Nemelex Xobeh
Qazlal
Trog


Innate Abilities, Weirdness & Mutations

You reflexively headbutt those who attack you in melee.
You have a pair of horns on your head.


Message History

The orc priest completely misses you.
The orc wizard casts a cantrip, but nothing happens.
You barely miss the orc priest.
The orc priest is almost dead.
You barely miss the orc wizard.
Your chain mail prevents you from hitting the hound.
The orc priest hits you with a +0 flail!
* * * LOW HITPOINT WARNING * * *
The crimson imp blinks!
The hound barely misses you. You furiously retaliate!
You headbutt the hound!
The orc wizard hits you with a +0 dagger.
* * * LOW HITPOINT WARNING * * *
The howler monkey hoots and howls with incredible vigour!
The orc priest mumbles some strange prayers to Beogh against you.
Beogh smites you!
* * * LOW HITPOINT WARNING * * *
You hear a shout!
You hear an angry hiss.
You hear a croak.
The orc wizard points at you and mumbles some strange words.
The magic dart hits you!
You die...

..... .... ..... .....#
...... #...
....#..........8 .
#.$###...##.......... ..#
#..#......#.........#
....#....................
.....oooh....#..#........
....oho......#..#........
.....##.@.......#.......#
... #.ยง....##..........
. #.......#..........
#.##..............#
...#................
#...5.................
........###............
......... #........#....
.##.....# ##.#....####..


You could see a howler monkey, a hound, 2 orc priests, 3 orc wizards and a
crimson imp.

Vanquished Creatures
  An ogre (D:4)
  A centaur (D:5)
  A scorpion (D:4)
  3 orc priests
  2 orc wizards
  A centaur skeleton (D:5)
  3 worker ants (D:4)
  2 hound skeletons (D:5)
  Robin (D:4)
  7 adders
  2 shadow imps
  An ooze (D:1)
  An adder skeleton (D:6)
  2 worms
  4 dart slugs
  12 leopard geckos
  19 orcs
  15 bats
  11 giant cockroaches
  23 goblins
  11 hobgoblins
  21 jackals
  3 quokkas
  8 frilled lizards
  5 kobolds
  A quokka zombie (D:4)
  6 rats
167 creatures vanquished.

Notes
Turn   | Place    | Note
-------+----------+-------------------------------------------
     0 | D:1      | Notair the Minotaur Gladiator began the quest for the Orb.
     0 | D:1      | Reached XP level 1. HP: 18/18 MP: 0/0
   103 | D:1      | Reached XP level 2. HP: 19/25 MP: 1/1
   104 | D:1      | Reached skill level 4 in Axes
   149 | D:1      | Reached skill level 1 in Armour
   475 | D:1      | Reached XP level 3. HP: 29/30 MP: 2/2
   877 | D:2      | Found a shadowy altar of Dithmenos.
  1132 | D:2      | Reached XP level 4. HP: 37/38 MP: 3/3
  1510 | D:2      | Reached skill level 5 in Axes
  1529 | D:2      | Found a stormy altar of Qazlal.
  1529 | D:2      | Found a bloodstained altar of Trog.
  2029 | D:3      | Reached XP level 5. HP: 43/45 MP: 4/4
  2181 | D:3      | Found a snail-covered altar of Cheibriados.
  2380 | D:4      | Noticed an ogre
  2394 | D:4      | Killed an ogre
  2394 | D:4      | Reached skill level 6 in Axes
  2394 | D:4      | Reached XP level 6. HP: 29/52 MP: 5/5
  2558 | D:4      | Noticed Robin
  2581 | D:4      | Killed Robin
  3054 | D:4      | Found a sparkling altar of Nemelex Xobeh.
  3224 | D:4      | Found a shattered altar of Ashenzari.
  3492 | D:4      | Reached XP level 7. HP: 60/60 MP: 6/6
  3595 | D:5      | Entered Level 5 of the Dungeon
  3617 | D:5      | Reached skill level 7 in Axes
  3861 | D:5      | Reached skill level 5 in Dodging
  4663 | D:5      | Reached skill level 5 in Fighting
  5004 | D:6      | Killed from afar by an orc wizard

Vault maps used:
D:1:      lightli_arrival_statue_moat
D:2:      nicolae_overflow_hidden_temple, lemuel_doored_altar, first_ration
D:3:      kennysheep_slug_shrine
D:4:      lemuel_coloured_pillars_altar, nemelex_spade_bored_becter, uniq_robin
D:5:      gup_sewer_entry_spiral, grunt_ministairs_11
D:6:      bloody_makhleb, minmay_temple_entry_trees, serial_column_ruins,
          column_ruins_open_small, column_ruins_corridor_corner,
          column_ruins_columns_corner, column_ruins_grid_1,
          column_ruins_columns_straight, column_ruins_open_medium,
          chequers_serial_rivers_small_b, uniq_blork_the_orc

Skill      XL: |  1  2  3  4  5  6  7 |
---------------+----------------------+-----
Axes           | 4 5 6 7 |  7.4
Armour         | 1 2 3 4 |  4.2
Fighting       | 3 4 5 |  5.0
Dodging        | 4 5 |  5.2
Throwing       | |  2.0

Action                   |  1- 3 |  4- 6 |  7- 9 || total
-------------------------+-------+-------+-------++-------
Melee: War axe           |    68 |   205 |    73 ||   346
       Headbutt          |    10 |    28 |    13 ||    51
  Use: Scroll            |       |     3 |       ||     3
  Eat: Chunk             |       |     8 |     5 ||    13
Armor: Leather armour    |    15 |       |       ||    15
       Chain mail        |     7 |   105 |    40 ||   152
Dodge: Dodged            |    49 |    95 |    37 ||   181

Table legend:
 A = Non-vault XP
 B = Vault XP
 C = Vault XP percentage of total XP
 D = Non-vault monster count
 E = Vault monster count
 F = Vault count percentage of total count
                 A         B        C        D         E       F
            +---------+---------+-------+---------+---------+-------
      Total |    1029 |     104 |   9.2 |     147 |      20 |  12.0
            +---------+---------+-------+---------+---------+-------
        D:1 |      62 |       0 |   0.0 |      31 |       0 |   0.0
        D:2 |      84 |       0 |   0.0 |      31 |       0 |   0.0
        D:3 |      92 |       4 |   4.2 |      42 |       1 |   2.3
        D:4 |     465 |      36 |   7.2 |      26 |      12 |  31.6
        D:5 |     321 |      64 |  16.6 |      16 |       7 |  30.4
        D:6 |       5 |       0 |   0.0 |       1 |       0 |   0.0
            +---------+---------+-------+---------+---------+-------
